 Dungeon Crawl Stone Soup version 0.27.1-3-gb3d3a73c9e (webtiles) character file.

Game seed: 13736278039255683052

7 Crownlay the Skirmisher (level 2, -3/26 HPs)
             Began as a Hill Orc Fighter on Oct 20, 2021.
             Slain by a goblin (4 damage)
             ... on level 1 of the Dungeon.
             The game lasted 00:00:47 (129 turns).

Crownlay the Skirmisher (Hill Orc Fighter)           Turns: 129, Time: 00:00:48

Health: -3/26      AC:  6    Str: 18    XL:     2   Next: 0%
Magic:  2/2        EV:  9    Int:  8    God:
Gold:   0          SH:  0    Dex: 10    Spells: 1/1 levels left

rFire    . . .     SeeInvis .   a - +0 war axe
rCold    . . .     Faith    .   (no shield)
rNeg     . . .     Spirit   .   b - +0 scale mail
rPois    .         Reflect  .   (no helmet)
rElec    .         Harm     .   (no cloak)
rCorr    .         Rampage  .   (no gloves)
Will     .....                  (no boots)
Stlth    ..........             (no amulet)
HPRegen  0.08/turn              (no ring)
MPRegen  0.08/turn              (no ring)

@: no status effects
A: no striking features
a: no special abilities


You were on level 1 of the Dungeon.
You visited 1 branch of the dungeon, and saw 1 of its levels.

Inventory:

Hand Weapons
 a - a +0 war axe (weapon)
Armour
 b - a +0 scale mail (worn)
 c - a +0 kite shield
Potions
 d - a potion of might


   Skills:
 - Level 3.6 Fighting
 + Level 3.5 Axes
 - Level 3.3 Armour
 - Level 3.3 Shields


You had one spell level left.
You didn't know any spells.
Your spell library was empty.

Dungeon Overview and Level Annotations

Branches:
Dungeon (1/15)

Altars:


Message History

The goblin closely misses you.
You closely miss the goblin. The goblin hits you but does no damage.
You hit the goblin.
The goblin is moderately wounded.
The goblin closely misses you. The goblin barely misses you.
You barely miss the goblin. You hit the goblin but do no damage.
The goblin barely misses you. The goblin hits you but does no damage.
You barely miss the goblin. x2; You miss the bat.
The bat hits you but does no damage. The goblin hits you with a +0 club.
The goblin misses you.
You barely miss the goblin. You hit the bat. You closely miss the goblin.
The bat barely misses you. The bat hits you. The goblin closely misses you.
The goblin hits you but does no damage. The bat completely misses you.
The goblin hits you but does no damage. The goblin barely misses you.
The bat barely misses you. The goblin hits you with a +0 club.
* * * LOW HITPOINT WARNING * * *
The bat hits you but does no damage. x2
The bat hits you but does no damage. The bat hits you but does no damage.
The bat barely misses you. The bat hits you.
* * * LOW HITPOINT WARNING * * *
The bat hits you but does no damage.
You see here a rat corpse.
The bat hits you but does no damage.
Your scale mail prevents you from hitting the endoplasm.
The endoplasm freezes you.
You are frozen.
* * * LOW HITPOINT WARNING * * *
You slash the endoplasm!
You kill the endoplasm!
The goblin hits you but does no damage.
You slash the goblin!
You kill the goblin!
The bat closely misses you.
You have reached level 2!
You closely miss the goblin. The goblin hits you with a +0 club.
* * * LOW HITPOINT WARNING * * *
The goblin hits you with a +0 club.
You die...

##...#
###..#.####.#
#.......$...#
#†............
#...>........#
####..........###
#b†.gg..........
#g##..........###
#@#############
#.#### ######
#....####....##
#.....##......#
####..##..##..##
#..##..#.<..#
#..##..#....#
#..##..##..##
#......##...


You could see a goblin and a bat.

Vanquished Creatures
  An endoplasm (D:1)
  A goblin (D:1)
  A jackal (D:1)
  A bat (D:1)
  3 rats (D:1)
7 creatures vanquished.

Notes
Turn   | Place    | Note
-------+----------+-------------------------------------------
     0 | D:1      | Crownlay the Hill Orc Fighter began the quest for the Orb.
     0 | D:1      | Reached XP level 1. HP: 19/19 MP: 1/1
   129 | D:1      | Reached XP level 2. HP: 2/26 MP: 2/2
   129 | D:1      | HP: 1/26 [goblin (2)]
   129 | D:1      | Slain by a goblin

Illustrated notes

Levels and vault maps discovered:
D:1:      minmay_arrival_wavy_path, layout_rooms,
          ebering_ecumenical_altar_petrified, minmay_hexomino_c4

Skill      XL: |  1 |
---------------+----+-----
Axes           | 3 |  3.5
Fighting       | |  3.6
Armour         | |  3.3
Shields        | |  3.3

Action                   || total
-------------------------++-------
Melee: War axe           ||    21
Armor: Scale mail        ||    22
Dodge: Dodged            ||    18
